 Dungeon Crawl Stone Soup version 0.27.1-33-g824d729ab1 (webtiles) character file.

Game seed: 2171489243887416645

37 Gabide the Skirmisher (level 3, -1/29 HPs)
             Began as a Human Monk on Nov 25, 2021.
             Slain by a goblin (6 damage)
             ... led by Robin
             ... on level 2 of the Dungeon.
             The game lasted 00:01:24 (1281 turns).

Gabide the Skirmisher (Human Monk)                  Turns: 1281, Time: 00:01:25

Health: -1/29      AC:  2    Str: 12    XL:     3   Next: 60%
Magic:  3/3        EV: 13    Int: 10    God:
Gold:   51         SH:  0    Dex: 15    Spells: 2/2 levels left

rFire    . . .     SeeInvis .   a - +1 spear
rCold    . . .     Faith    .   (no shield)
rNeg     . . .     Spirit   .   b - +0 robe
rPois    .         Reflect  .   (no helmet)
rElec    .         Harm     .   (no cloak)
rCorr    .         Rampage  .   (no gloves)
Will     .....                  (no boots)
Stlth    ++........             (no amulet)
HPRegen  0.09/turn              (no ring)
MPRegen  0.08/turn              (no ring)

@: no status effects
A: no striking features
a: no special abilities


You were on level 2 of the Dungeon.
You visited 1 branch of the dungeon, and saw 2 of its levels.

You collected 51 gold pieces.

Inventory:

Hand Weapons
 a - a +1 spear (weapon)
Armour
 b - a +0 robe (worn)
Scrolls
 d - a scroll of summoning {unknown}
 e - a scroll of fear {unknown}


   Skills:
 + Level 3.4 Fighting
 + Level 3.4 Polearms
 + Level 3.3 Dodging
 + Level 2.4 Stealth


You had 2 spell levels left.
You didn't know any spells.
Your spell library contained the following spells:

 Spells                   Type           Power      Damage    Failure   Level
 Summon Lightning Spire   Summ/Air       0%         N/A       98%         4
 Storm Form               Tmut/Air       0%         N/A       100%        7
 Maxwell's Capacitive Co  Air            0%         ∞         100%        8


Dungeon Overview and Level Annotations

Branches:
Dungeon (2/15)

Altars:

Annotations:
D:2 Robin


Message History

You hear a shout!
You reach to attack!
You barely miss the hobgoblin.
The goblin unwields a +0 dagger.
The goblin wields a +0 hunting sling.
The goblin shoots a stone.
The stone hits you.
You hit the hobgoblin.
The hobgoblin is almost dead.
Robin of the Strong Arm comes into view.
They are wielding a +0 trident.
The hobgoblin hits you.
You hit the hobgoblin but do no damage.
The hobgoblin is almost dead.
The hobgoblin hits you.
You hit the hobgoblin but do no damage.
The hobgoblin is almost dead.
The hobgoblin barely misses you.
You closely miss the hobgoblin.
The hobgoblin is almost dead.
The ball python hisses angrily.
The hobgoblin barely misses you.
Robin roars a battlecry!
The goblins go into a battle-frenzy!
A goblin comes into view. It is wielding a +0 dagger.
You hear an angry hiss.
You hear a shout! x2; You hear an angry hiss.
You hit the goblin.
The goblin is severely wounded.
You hear a shout!
A goblin comes into view. It is wielding a +0 club.
The goblin shoots a stone.
The stone hits you but does no damage. The hobgoblin barely misses you.
Robin throws the goblin at you! The goblin barely misses you.
The goblin hits you with a +1 dagger of electrocution.
You are electrocuted!
You hit the goblin.
You kill the goblin!
The hobgoblin completely misses you. Robin throws the goblin at you!
The goblin hits you with a +1 dagger of electrocution!
* * * LOW HITPOINT WARNING * * *
As you read the scroll labelled PIAJAR NIESH, it crumbles to dust.
It is a scroll of enchant weapon.
Your +0 spear glows red for a moment.
The goblin hits you with a +0 club.
You die...

##### ....#
....# ....###
###g....$.
#g@g....#
#g.g#S......
..g..###.......
.....# .......
...g. .......
.... ..#....
... ..#.#.. ...
#.. ##.


You could see Robin, a hobgoblin (strong), 5 goblins and a ball python.

Vanquished Creatures
  A dart slug (D:1)
  3 endoplasms (D:1)
  2 giant cockroaches (D:1)
  4 goblins
  A hobgoblin (D:1)
  7 jackals (D:1)
  2 kobolds (D:1)
  A quokka (D:1)
  3 ball pythons (D:1)
  A bat (D:1)
  3 frilled lizards (D:1)
  3 rats (D:1)
31 creatures vanquished.

Notes
Turn   | Place    | Note
-------+----------+-------------------------------------------
     0 | D:1      | Gabide the Human Monk began the quest for the Orb.
     0 | D:1      | Reached XP level 1. HP: 18/18 MP: 1/1
   203 | D:1      | Reached XP level 2. HP: 16/24 MP: 2/2
   733 | D:1      | Reached XP level 3. HP: 28/29 MP: 3/3
  1275 | D:2      | Noticed Robin
  1281 | D:2      | Slain by a goblin

Illustrated notes

Levels and vault maps discovered:
D:1:      onia_arrival_mini_maze_b, layout_loops_ring,
          chequers_serial_rivers_micro_c, grunt_decor_arrowhead
D:2:      layout_rooms, small_statue_intersection, uniq_robin

Action                   || total
-------------------------++-------
Melee: Spear             ||   122
  Use: Scroll            ||     1
 Stab: Sleeping          ||    10
Armor: Robe              ||    17
Dodge: Dodged            ||    67
